 Dungeon Crawl Stone Soup version 0.32-a0-818-gb728d0252e (webtiles) character file.

Game seed: 9282465853111725108

495 Aldia the Conjurer (level 6, -6/48 HPs)
             Began as a Demigod Conjurer on Mar 23, 2024.
             Mangled by an ice beast (9 damage)
             ... on level 5 of the Dungeon.
             The game lasted 00:08:45 (4780 turns).

Aldia the Conjurer (Demigod Conjurer)               Turns: 4780, Time: 00:08:46

Health: -6/48      AC:  5    Str:  8    XL:     6   Next: 60%
Magic:  2/14       EV: 11    Int: 28    God:
Gold:   211        SH:  0    Dex: 12    Spells: 0/11 levels left

rFire   . . .        y - +1 dagger (freeze)
rCold   . . .        (no shield)
rNeg    . . .        a - +0 robe
rPois   .            z - +0 helmet
rElec   .            b - +0 cloak
rCorr   +            A - +0 pair of gloves
SInv    .            (no boots)
Will    +....        (no amulet)
Stlth   ++           q - ring of resist corrosion
HPRegen 0.28/turn    x - ring of willpower
MPRegen 0.14/turn

%: no passive effects
@: no status effects
A: high MP 1, forlorn, divine attributes
a: no special abilities


You were on level 5 of the Dungeon.
You visited 1 branch of the dungeon, and saw 5 of its levels.

You collected 211 gold pieces.

Inventory:

Hand Weapons
 y - a +1 dagger of freezing (weapon)
Armour
 a - a +0 robe (worn)
 b - a +0 cloak (worn)
 z - a +0 helmet (worn)
 A - a +0 pair of gloves (worn)
Magical Staves
 m - a staff of earth
Jewellery
 o - a ring of fire
 q - a ring of resist corrosion (left hand)
 x - a ring of willpower (right hand)
Scrolls
 c - a scroll of revelation {unknown}
 e - a scroll of noise {unknown}
 f - 2 scrolls of fog
 i - a scroll of silence {unknown}
 k - a scroll of identify {unknown}
 l - 2 scrolls of enchant armour {unknown}
 n - a scroll of fear {unknown}
 p - a scroll of immolation {unknown}
 r - a scroll of enchant weapon {unknown}
 t - a scroll of teleportation {unknown}
Potions
 d - a potion of degeneration {unknown}
 g - a potion of resistance
 h - a potion of mutation {unknown}
 j - 2 potions of heal wounds {unknown}
 s - a potion of berserk rage {unknown}
 u - 2 potions of curing {unknown}
 v - a potion of cancellation {unknown}
 w - 2 potions of attraction {unknown}


   Skills:
 - Level 2.0 Fighting
 + Level 2.3 Dodging
 - Level 3.0 Stealth
 + Level 3.3 Spellcasting
 + Level 5.2 Conjurations
 * Level 2.4 Alchemy


You couldn't memorise any spells.
You knew the following spells:

 Your Spells              Type           Power      Damage    Failure   Level
a - Magic Dart            Conj           100%       1d8       1%          1
b - Searing Ray           Conj           66%        2d6       1%          2
c - Fulminant Prism       Conj/Alch      13%        3d8       17%         4
d - Iskenderun's Mystic   Conj/Tloc      19%        2d6       26%         4

Your spell library contained the following spells:

 Spells                   Type           Power      Damage    Failure   Level
 Sting                    Conj/Alch      100%       1d9       1%          1
 Apportation              Tloc           8%         N/A       9%          1
 Necrotise                Necr           16%        1d4       9%          1
 Summon Small Mammal      Summ           16%        N/A       9%          1
 Blink                    Tloc           8%         N/A       12%         2
 Call Imp                 Summ           8%         N/A       12%         2
 Ensorcelled Hibernation  Hex/Ice        8%         N/A       12%         2
 Passwall                 Erth           4%         N/A       24%         3
 Swiftness                Air            4%         N/A       24%         3
 Volatile Blastmotes      Fire/Tloc      8%         2d10      24%         3
 Bombard                  Conj/Erth      9%         9d2       99%         6


Dungeon Overview and Level Annotations

Branches:
Dungeon (5/15)
 Temple: D:4-7

Portals:
Abyss: D:4

Annotations:
D:3 2 transporters, DeathSocks's ghost, amateur BaHs


Innate Abilities, Weirdness & Mutations

You have an increased reservoir of magic. (+10% MP)
You shall have no god before yourself.
Your divine heritage dramatically boosts your attributes as you level up.


Message History

A fulminant prism comes into view.
The hound bites you but does no damage. The ice beast hits you.
The ice beast freezes you! The hound misses you.
Unknown command.
Unknown command.
You completely miss the ice beast.
The ice beast is lightly wounded.
The ice beast hits you. The ice beast freezes you! The hound barely misses you.
Your fulminant prism crackles loudly.
Unknown command.
You are too injured to fight recklessly!
Unknown command.
You barely miss the ice beast.
The ice beast is lightly wounded.
The hound barely misses you. The ice beast closely misses you.
The hound bites you.
Your fulminant prism explodes!
The blast of energy engulfs the ice beast!
The ice beast is heavily wounded.
The blast of energy engulfs the hound!
You kill the hound!
Unknown command.
Unknown command.
Casting: Fulminant Prism (quite dangerous; 17% risk of failure)
Confirm with . or Enter, or press ? or * to list all spells.
Aiming: Searing Ray (safe; 1% risk of failure)
Press: ? - help, Shift-Dir - straight line The searing ray hits the ice beast.
The ice beast is heavily wounded. (Press . to maintain the ray.)
The ice beast hits you. The ice beast freezes you!
* * * LOW HITPOINT WARNING * * *
Your magical contamination has completely faded away.
Unknown command.
The searing ray hits the ice beast!
The ice beast is almost dead.
The ice beast hits you.
* * * LOW HITPOINT WARNING * * *
The ice beast freezes you!
You die...

.... ##... ....
... # ##$.# #.
#...# #. ##Y†# ##
##..#.@# ...
..#...#..# #...
........## #...#
###......####....
###........#
#.........#
#......#<.##
#..##...#..# #..#
###....#


You could see an ice beast.

Vanquished Creatures
  Sigmund (D:3)
  4 hounds
  Natasha (thrice) (D:2)
  Robin (D:4)
  5 adders
  3 dart slugs
  A ribbon worm (D:4)
  An orc (D:3)
  6 ball pythons
  6 endoplasms
  2 giant cockroaches
  13 goblins
  9 hobgoblins
  4 quokkas
  9 bats
  3 frilled lizards (D:2)
  4 kobolds
  8 rats
  2 lurking horrors (D:4)
85 creatures vanquished.

Vanquished Creatures (others)
  A fulminant prism (D:5)
1 creature vanquished.

Grand Total: 86 creatures vanquished

Notes
Turn   | Place    | Note
-------+----------+-------------------------------------------
     0 | D:1      | Aldia the Demigod Conjurer began the quest for the Orb.
     0 | D:1      | Reached XP level 1. HP: 14/14 MP: 5/5
   354 | D:1      | Reached XP level 2. HP: 20/20 MP: 5/7
   677 | D:1      | Reached skill level 4 in Conjurations
  1397 | D:2      | Reached XP level 3. HP: 27/27 MP: 5/8
  1400 | D:2      | Learned a level 2 spell: Searing Ray
  1638 | D:2      | Noticed Natasha
  1645 | D:2      | Killed Natasha
  1646 | D:2      | Reached skill level 1 in Fighting
  1688 | D:2      | Noticed Natasha
  1693 | D:2      | Killed Natasha
  1694 | D:2      | Reached XP level 4. HP: 27/35 MP: 2/10
  1926 | D:2      | Noticed Natasha
  1932 | D:2      | Killed Natasha
  2263 | D:3      | Learned a level 4 spell: Fulminant Prism
  2758 | D:3      | Noticed Sigmund
  2765 | D:3      | Killed Sigmund
  2766 | D:3      | Reached skill level 1 in Alchemy
  2766 | D:3      | Reached XP level 5. HP: 41/41 MP: 3/12
  3135 | D:3      | Noticed DeathSocks's ghost (amateur BaHs)
  3144 | D:3      | Found a transporter.
  3150 | D:3      | Found a transporter.
  3344 | D:4      | Found a one-way gate to the infinite horrors of the Abyss.
  3485 | D:4      | Reached skill level 5 in Conjurations
  3485 | D:4      | Reached XP level 6. HP: 46/48 MP: 9/13
  3490 | D:4      | Learned a level 4 spell: Iskenderun's Mystic Blast
  3901 | D:4      | Identified the +2 ring mail "Doewue" {+Inv rF- Slay+2}
  4341 | D:4      | Noticed Robin
  4359 | D:4      | Killed Robin
  4742 | D:5      | Entered Level 5 of the Dungeon
  4780 | D:5      | Mangled by an ice beast

Illustrated notes

Levels and vault maps discovered:
D:1:      dpeg_arrival_pits, layout_loops_corners
D:2:      layout_rooms, hangedman_decor_riveting, uniq_natasha
D:3:      layout_basic, fedhas_altar_2, gammafunk_ghost_gnarly_gnolls,
          shapermc_ecumenical_altar_notcrosses, uniq_sigmund
D:4:      layout_basic, amcnicky_altar_lugonu_corruption, uniq_robin
D:5:      layout_layer_cave, mainiacjoe_overflow_alcove_4,
          minmay_temple_entry_wispy

Skill      XL: |  1  2  3  4  5  6 |
---------------+-------------------+-----
Stealth        | 2 3 |  3.0
Spellcasting   | 2 3 |  3.3
Conjurations   | 4 5 |  5.2
Fighting       | 1 2 |  2.0
Alchemy        | 1 2 |  2.4
Dodging        | 2 |  2.3

Action                     |  1- 3 |  4- 6 || total
---------------------------+-------+-------++-------
  Melee: Dagger            |    10 |     6 ||    16
   Cast: Magic Dart        |    67 |    74 ||   141
         Searing Ray       |     3 |     9 ||    12
         Fulminant Prism   |       |     1 ||     1
    Use: Potion            |     1 |     1 ||     2
         Scroll            |       |     1 ||     1
   Stab: Sleeping          |     1 |     1 ||     2
 Armour: Robe              |     6 |    28 ||    34
  Dodge: Dodged            |    14 |    21 ||    35

Table legend: (Time is in decaauts)
 A = Elapsed time spent in this place.
 B = Non-inter-level travel time spent in this place.
 C = Inter-level travel time spent in this place.
 D = Time resting spent in this place.
 E = Time spent auto-exploring this place.
 F = Levels seen in this place.
 G = Mean time per level.
                   A        B        C        D        E       F      G
               +--------+--------+--------+--------+--------+-----+--------+
         Total |   4789 |   4646 |    143 |    326 |   3872 |   5 |  957.8 |
       Dungeon |   4789 |   4646 |    143 |    326 |   3872 |   5 |  957.8 |
               +--------+--------+--------+--------+--------+-----+--------+

Top non-repeatable levels by time:
     D:4: 1494 daAuts
     D:3: 1264 daAuts
     D:1: 1200 daAuts
     D:2: 810 daAuts
     D:5: 20 daAuts
